 Dungeon Crawl Stone Soup version 0.30-a0-870-gc5d4c5acee (webtiles) character file.

Game seed: 10332181663349858826

34 Gerhazo the Ducker (level 3, -4/26 HPs)
             Began as a Djinni Hedge Wizard on Mar 11, 2023.
             Slain by a gnoll
             ... wielding a +2 flail of distortion
              (12 damage)
             ... on level 3 of the Dungeon.
             The game lasted 00:00:57 (613 turns).

Gerhazo the Ducker (Djinni Hedge Wizard)             Turns: 613, Time: 00:00:58

Health: -4/26      AC:  2    Str:  9    XL:     3   Next: 50%
Gold:   29         EV: 12    Int: 17    God:
                   SH:  0    Dex: 12

rFire   + + .      SeeInvis .    a - +0 dagger
rCold   x . .      Faith    .    (no shield)
rNeg    . . .      Spirit   .    b - +0 robe
rPois   ∞          Reflect  .    c - +0 hat
rElec   .          Rampage  .    (no cloak)
rCorr   .                        (no gloves)
Will    .....                    (boots unavailable)
Stlth   ++                       (no amulet)
HPRegen 0.24/turn                (no ring)
MPRegen 0.00/turn                (no ring)

@: flying
A: sickness immunity, fire resistance 2, cold vulnerability 1, float, innate
caster, HP casting, extra vitality 1
a: no special abilities


You were on level 3 of the Dungeon.
You visited 1 branch of the dungeon, and saw 3 of its levels.

You collected 29 gold pieces.

Inventory:

Hand Weapons
 a - a +0 dagger (weapon)
Armour
 b - a +0 robe (worn)
 c - a +0 hat (worn)
Scrolls
 d - a scroll of vulnerability {unknown}
 f - a scroll of fog {unknown}
 g - a scroll of magic mapping {unknown}
 h - a scroll of teleportation {unknown}
 i - a scroll of identify {unknown}
 j - a scroll of brand weapon {unknown}
Potions
 e - 2 potions of heal wounds {unknown}


   Skills:
 + Level 0.3 Fighting
 + Level 2.9 Dodging
 + Level 2.1 Stealth
 + Level 2.7 Spellcasting


You knew the following spells:

 Your Spells              Type           Power      Damage    Failure   Level
a - Magic Dart            Conj           44%        1d5       6%          1
b - Slow                  Hex            44%        N/A       6%          1
c - Blink                 Tloc           22%        N/A       9%          2
d - Call Imp              Summ           11%        N/A       9%          2
e - Mephitic Cloud        Conj/Pois/Air  11%        N/A       17%         3
f - Foxfire               Conj/Fire      44%        2x1d6     6%          1
Your spell library was empty.

Dungeon Overview and Level Annotations

Branches:
Dungeon (3/15)

Altars:


Innate Abilities, Weirdness & Mutations

You are immune to sickness and miasma.
You are immune to poison.
Your flesh is very heat resistant. (rF++)
You are vulnerable to cold. (rC-)
You float through the air rather than walking.
You learn spells naturally, not from books.
Your magical power is your life essence.
You have superior vitality. (+4 MHP)


Message History

r - Retreat! s - Stop attacking. g - Guard the area. f - Follow me.
Anything else - Cancel.
Gang up on whom?
Press: ? - help, Dir - move target, f - gnoll
Aim: a gnoll, wielding a +2 flail of distortion and quivering a throwing net (wandering, hasn't noticed you) Attack!
The gnoll throws a throwing net.
The throwing net hits you.
You become entangled in the net!
Unknown command.
You struggle against the net.
You tear a large gash into the net.
You struggle against the net.
You rip the net and break free!
The gnoll hits your white imp but does no damage.
Space warps horribly around your white imp!
Your white imp dies!
Your white imp disappears in a puff of smoke!
Casting: Magic Dart (safe; 6% risk of failure)
Confirm with . or Enter, or press ? or * to list all spells.
A beastly little devil appears in a puff of flame.
What are your orders? t - Shout!
Orders for allies: a - Attack new target. p - Attack previous target. r - Retreat! s - Stop attacking. g - Guard the area. f - Follow me.
Anything else - Cancel.
Gang up on whom?
Press: ? - help, Dir - move target, f/p - gnoll
Aim: a gnoll, wielding a +2 flail of distortion (ally target) Attack!
Unknown command.
Your crimson imp blinks!
You see here an adder corpse.
The gnoll hits you with a +2 flail of distortion.
Space warps around you.
* * * LOW HITPOINT WARNING * * *
Your crimson imp hits the gnoll.
The gnoll attacks as you move away!
The gnoll hits you with a +2 flail of distortion!
You die...

#. .#####.
.......##### .
........... .#
..........# ##.
..........# ..
..........# .#
........@5##.####..
........g..........
###.........#.####
........>)<†#
##.#####+#..# #
#..# #..# ####


You could see a gnoll (ally target) and a friendly crimson imp (summoned).

Vanquished Creatures
  A gnoll (D:3)
  2 bats (D:1)
  An endoplasm (D:1)
  2 goblins
  A hobgoblin (D:1)
  3 jackals (D:2)
  A frilled lizard (D:1)
  A kobold (D:1)
12 creatures vanquished.

Vanquished Creatures (collateral kills)
  An adder (D:3)
  2 frilled lizards
3 creatures vanquished.

Grand Total: 15 creatures vanquished

Notes
Turn   | Place    | Note
-------+----------+-------------------------------------------
     0 | D:1      | Gerhazo the Djinni Hedge Wizard began the quest for the
                  | Orb.
     0 | D:1      | Gerhazo set off with the following spells memorised: Magic
                  | Dart, Slow, Blink, Call Imp, Mephitic Cloud.
     0 | D:1      | Reached XP level 1. HP: 15/15 MP: 0/0
   244 | D:1      | Reached XP level 2. HP: 13/21 MP: 0/0
   597 | D:3      | Reached XP level 3. HP: 15/25 MP: 0/0
   597 | D:3      | Learned a level 1 spell: Foxfire
   613 | D:3      | Slain by a gnoll

Illustrated notes

Levels and vault maps discovered:
D:1:      dpeg_arrival_three_same_balls, layout_basic, minmay_split_cup_small
D:2:      layout_basic, serial_shops, nicolae_shop_hallway_stairs
D:3:      layout_basic, gup_sewer_entry_bubbles

Skill      XL: |  1  2 |
---------------+-------+-----
Stealth        | 2 |  2.1
Fighting       | |  0.3
Dodging        | |  2.9
Spellcasting   | |  2.7

Action                     || total
---------------------------++-------
   Cast: Magic Dart        ||    38
         Call Imp          ||     4
 Armour: Robe              ||     3
  Dodge: Dodged            ||    13

Table legend: (Time is in decaauts)
 A = Elapsed time spent in this place.
 B = Non-inter-level travel time spent in this place.
 C = Inter-level travel time spent in this place.
 D = Time resting spent in this place.
 E = Time spent auto-exploring this place.
 F = Levels seen in this place.
 G = Mean time per level.
                   A        B        C        D        E       F      G
               +--------+--------+--------+--------+--------+-----+--------+
         Total |    612 |    589 |     23 |    156 |    315 |   3 |  204.0 |
       Dungeon |    612 |    589 |     23 |    156 |    315 |   3 |  204.0 |
               +--------+--------+--------+--------+--------+-----+--------+

Top non-repeatable levels by time:
     D:1: 355 daAuts
     D:2: 226 daAuts
     D:3: 30 daAuts
